 Dungeon Crawl Stone Soup version 0.17-a0-1951-g62301d3 (webtiles) character file.

2480 4thArraOfDagon the Grappler (level 9, -15/126 HPs)
             Began as a Troll Air Elementalist on Oct 2, 2015.
             Was a Priest of Cheibriados (penitent).
             Demolished by an ogre
             ... wielding a +0 giant club
              (20 damage)
             ... on level 8 of the Dungeon.
             The game lasted 00:13:31 (2408 turns).

4thArraOfDagon the Grappler (TrAE)                  Turns: 2408, Time: 00:13:31

Health: -15/126    AC:  5    Str: 23    XL:     9   Next: 27%
Magic:  7/11       EV: 12    Int: 18    God:    Cheibriados [*]
Gold:   201        SH:  0    Dex: 13    Spells: 1 memorised, 8 levels left

rFire  . . .     SeeInvis .       - Unarmed
rCold  . . .     Clarity  .     a - +0 robe
rNeg   . . .     SustAt   .     (no shield)
rPois  .         Gourm    +     (helmet restricted)
rElec  .         Spirit   .     (no cloak)
rCorr  +         Warding  .     (gloves unavailable)
rMut   .         Stasis   .     (boots unavailable)
MR     .....                    p - amulet of resist corrosion
Stlth  ..........               o - +4 ring of intelligence
                                e - +3 ring of dexterity

@: berserking, marked, very slow, not resistant to hostile enchantments,
extremely unstealthy
A: unfitting armour, claws 3, fast metabolism 3, gourmand, regeneration 2,
shaggy fur 1, tough skin 2
a: Renounce Religion


You were on level 8 of the Dungeon.
You worshipped Cheibriados.
Cheibriados was demanding penance.
You were very full.

You visited 1 branch of the dungeon, and saw 8 of its levels.
You also visited: Ossuary.

You collected 201 gold pieces.

Inventory:

Hand weapons
 q - a +0 blowgun
 A - a +1 giant spiked club
Missiles
 r - 11 poisoned needles
Armour
 a - a +0 robe (worn)
 b - a +0 cloak
Jewellery
 e - a +3 ring of dexterity (left claw)
 g - an uncursed ring of flight
 o - a +4 ring of intelligence (right claw)
 p - an amulet of resist corrosion (around neck)
 z - an uncursed ring of sustain attributes
Magical devices
 u - a wand of fireball (0)
Scrolls
 f - 2 scrolls of magic mapping {unknown}
 s - 6 scrolls of remove curse
 w - 2 scrolls of enchant armour {unknown}
 x - a scroll of enchant weapon
 y - 2 scrolls of noise {unknown}
 B - a scroll of silence {unknown}
 C - a scroll of identify
Potions
 i - a potion of curing
 k - 3 potions of flight
 l - a potion of brilliance
 n - a potion of heal wounds
 v - a potion of ambrosia
 D - a potion of resistance
 F - 2 potions of haste
Comestibles
 c - 4 bread rations
 h - a slice of pizza
 m - 6 fruits
 t - 3 beef jerkies


   Skills:
 + Level 4.2 Fighting
 + Level 4.6 Dodging
 - Level 1.1 Stealth
 * Level 8.4 Unarmed Combat
 - Level 1.2 Spellcasting
   Level 0.6 Conjurations
 - Level 2.0 Air Magic
 + Level 4.8 Invocations


You had 8 spell levels left.
You knew the following spells:

 Your Spells              Type           Power        Failure   Level  Hunger
b - Repel Missiles        Chrm/Air       #.....       21%         2    ###....


Dungeon Overview and Level Annotations

Branches:
Dungeon (8/15)             Temple (0/1) D:5
   Lair: D:8-11

Altars:
Ashenzari
Cheibriados
Makhleb
Nemelex Xobeh
The Shining One

Shops:
D:7 =


Innate Abilities, Weirdness & Mutations

You are too large for most types of armour.
You have claws for hands.
Your metabolism is lightning-fast.
You like to eat raw meat.
You heal very quickly.
You are covered in fur (AC +1).
You have very tough skin (AC +2).


Message History

You mangle the hill giant!!
The hill giant is heavily wounded.
The centaur wields a shortbow.
The centaur shoots an arrow.
The arrow hits you but does no damage.
Unknown command.
You barely miss the hill giant.
The hill giant is heavily wounded.
The centaur shoots an arrow.
The arrow is repelled.
You feel less protected from missiles.
The hill giant hits you with a giant club!!
* * * LOW HITPOINT WARNING * * *
The ogre hits you with a giant club!
* * * LOW HITPOINT WARNING * * *
You barely miss the hill giant.
The hill giant is heavily wounded.
The centaur shoots an arrow.
The arrow hits you but does no damage.
The hill giant hits you with a giant club!
* * * LOW HITPOINT WARNING * * *
The ogre hits you with a giant club!!
You die...

#.. #...##..#...
..##...###.###.
#.##c.###.#
##......##..
##..#.##....#.
##..###..###..#.
##..## #.# #.#[.
##C.## #.# .
#.@## #.. #?O##
#.. #..# #. #..#
##. #


You could see a hill giant, an ogre and a centaur.

Vanquished Creatures
  Maurice (D:8)
  The ghost of 4thArraOfDagon the Ruffian, an average TrAE (D:7)
  Sigmund (D:4)
  A wraith (Ossuary)
  A steam dragon (D:7)
  An ice beast (D:7)
  An ogre (D:5)
  2 centaurs (D:6)
  2 giant frogs (D:7)
  5 killer bees (D:8)
  2 scorpions (D:6)
  An orc wizard (D:6)
  4 crimson imps
  3 hounds
  2 centaur zombies (D:7)
  2 jellies
  A giant frog zombie (D:6)
  4 worker ants
  A mummy (Ossuary)
  3 worker ant zombies
  3 adders
  3 gnolls
  A shadow imp (D:6)
  3 oozes
  2 adder skeletons
  4 worms
  A giant gecko (D:2)
  6 orcs
  9 bats
  2 giant cockroaches
  4 goblins
  5 hobgoblins
  A quokka (D:5)
  2 ball pythons
  A ball python skeleton (D:5)
  A giant gecko skeleton (D:5)
  A giant gecko zombie (D:5)
  4 giant newts
  11 gnoll skeletons (Ossuary)
  6 kobolds
  5 kobold skeletons (Ossuary)
  9 orc skeletons (Ossuary)
  2 quokka skeletons
  4 rats
129 creatures vanquished.

Notes
Turn   | Place    | Note
--------------------------------------------------------------
     0 | D:1      | 4thArraOfDagon the Troll Air Elementalist began the quest for the Orb.
     0 | D:1      | Reached XP level 1. HP: 16/16 MP: 1/1
   159 | D:1      | Reached skill level 1 in Unarmed Combat
   253 | D:2      | Reached XP level 2. HP: 16/24 MP: 2/2
   495 | D:2      | Found a shattered altar of Ashenzari.
   495 | D:2      | Found a glowing golden altar of the Shining One.
   496 | D:2      | Found a snail-covered altar of Cheibriados.
   502 | D:2      | Became a worshipper of Cheibriados the Contemplative
   543 | D:2      | Learned a level 2 spell: Repel Missiles
   619 | D:3      | Reached XP level 3. HP: 31/31 MP: 3/3
   699 | D:3      | Acquired Cheibriados's first power
   752 | D:3      | Reached skill level 3 in Unarmed Combat
   799 | D:3      | Found a faded altar to an unknown god.
   845 | D:4      | Found a sparkling altar of Nemelex Xobeh.
   845 | D:4      | Noticed Sigmund
   868 | D:4      | Killed Sigmund
   868 | D:4      | Reached skill level 1 in Fighting
   868 | D:4      | Reached skill level 4 in Unarmed Combat
   868 | D:4      | Reached skill level 1 in Invocations
   868 | D:4      | Reached XP level 4. HP: 21/41 MP: 4/4
   868 | D:4      | Reached XP level 5. HP: 24/48 MP: 5/5
   941 | D:5      | Entered Level 5 of the Dungeon
   941 | D:5      | Found a snail-covered altar of Cheibriados.
  1102 | D:5      | Reached XP level 6. HP: 33/55 MP: 6/6
  1153 | D:5      | Found a staircase to the Ecumenical Temple.
  1241 | D:6      | Found a burning altar of Makhleb.
  1286 | D:6      | Reached skill level 5 in Unarmed Combat
  1286 | D:6      | Reached XP level 7. HP: 38/63 MP: 7/7
  1517 | D:6      | Reached skill level 6 in Unarmed Combat
  1521 | D:6      | Acquired Cheibriados's second power
  1653 | D:7      | Found Terum's Jewellery Shoppe.
  1690 | D:7      | Noticed 4thArraOfDagon's ghost (average TrAE)
  1711 | D:7      | Reached XP level 8. HP: 65/74 MP: 3/9
  1766 | D:7      | Reached skill level 7 in Unarmed Combat
  1835 | D:7      | Found a sand-covered staircase.
  1841 | Ossuary  | Entered an ossuary
  1861 | Ossuary  | Acquired Cheibriados's third power
  2146 | D:7      | Killed 4thArraOfDagon's ghost
  2188 | D:8      | Reached XP level 9. HP: 59/84 MP: 11/11
  2200 | D:8      | Reached skill level 8 in Unarmed Combat
  2205 | D:8      | Noticed Maurice
  2287 | D:8      | Killed Maurice
  2400 | D:8      | Noticed a hill giant
  2403 | D:8      | Was placed under penance by Cheibriados
  2408 | D:8      | HP: 5/126 [hill giant/giant club (9)]
  2408 | D:8      | Demolished by an ogre

Vault maps used:
D:1:      noname_arrival_rooms_in_the_neighbourhood
D:2:      gammafunk_temple_overflow_claw, serial_glass, glass_columns_c,
          glass_columns_a, due_unseen_surprise, feat_on_display,
          minmay_misc_feat_pillars
D:3:      ecumenical_altar_1
D:4:      nemelex_xobeh_ov_fountains_minmay, uniq_sigmund, uniq_pikel
D:5:      overflow_temple_1_default, minmay_temple_entry_overgrown, first_bread,
          basic_altar
D:6:      fedhas_altar_4, kennysheep_mini_moat, minmay_misc_feat_secret_circle
D:7:      serial_shops, nicolae_shop_behind_doors, nicolae_ossuary_entry_plus
D:8:      serial_bayou, serial_bayou_shore_a, serial_bayou_pond_a,
          serial_bayou_ford_a, serial_bayou_pond_b, serial_bayou_shore_b,
          serial_bayou_lagoon_a, hangedman_pestilent_swarm,
          minmay_diamond_spiral, uniq_gastronok, uniq_maurice
Ossuary:  ossuary_due_mausoleum

Action                   |  1- 3 |  4- 6 |  7- 9 || total
-------------------------+-------+-------+-------++-------
Melee: Unarmed           |   116 |    74 |   228 ||   418
Throw: Throwing net      |       |       |     6 ||     6
 Cast: Repel Missiles    |     2 |       |     1 ||     3
Invok: Temporal Distorti |       |       |     2 ||     2
       Slouch            |       |       |     1 ||     1
Evoke: Wand              |       |       |     2 ||     2
  Use: Potion            |     2 |       |     6 ||     8
       Scroll            |       |     3 |    13 ||    16
 Stab: Distracted        |       |       |     1 ||     1
  Eat: Chunk             |    11 |       |    12 ||    23
